 Dungeon Crawl Stone Soup version 0.22-a0-3-g4fa69d9 (webtiles) character file.

9 KristoblXynda the Charmwright (level 2, -3/14 HPs)
             Began as a Spriggan Skald on Jan 1, 2018.
             Slain by a hobgoblin
             ... wielding a +0 club
              (5 damage)
             ... on level 1 of the Dungeon.
             The game lasted 00:00:30 (122 turns).

KristoblXynda the Charmwright (Spriggan Skald)       Turns: 122, Time: 00:00:30

Health: -3/14      AC:  2    Str:  7    XL:     2   Next: 3%
Magic:  0/6        EV: 19    Int: 14    God:
Gold:   0          SH:  0    Dex: 15    Spells: 5/6 levels left

rFire    . . .     SeeInvis +   g - +0 dagger (curse)
rCold    . . .     Gourm    .   (shield restricted)
rNeg     . . .     Faith    .   b - +0 robe
rPois    .         Spirit   .   (helmet restricted)
rElec    .         Reflect  .   (no cloak)
rCorr    .         Harm     .   (gloves unavailable)
MR       .....                  (boots unavailable)
Stlth    +.........             (no amulet)
HPRegen  0.04/turn              (no ring)
MPRegen  0.10/turn              (no ring)

@: very quick
A: very small, unfitting armour, see invisible, herbivore, speed 3, slow
metabolism 2
a: no special abilities


You were on level 1 of the Dungeon.
You were not hungry.

You visited 1 branch of the dungeon, and saw 1 of its levels.

Inventory:

Hand Weapons
 g - a cursed +0 dagger (weapon)
Armour
 b - a +0 robe (worn)
Scrolls
 e - a scroll of remove curse {unknown}
 f - a scroll of teleportation {unknown}
Books
 c - a book of Battle

   Spells                             Type                      Level
   a - Infusion                       Charms                       1
   b - Shroud of Golubria             Charms/Translocation         2
   c - Song of Slaying                Charms                       2
   d - Spectral Weapon                Hexes/Charms                 3
   e - Regeneration                   Charms/Necromancy            3
Comestibles
 d - a ration


   Skills:
 - Level 1.5 Fighting
 + Level 2.4 Short Blades
 + Level 3.8 Dodging
 + Level 2.9 Spellcasting
 + Level 4.6 Charms


You had 5 spell levels left.
You knew the following spells:

 Your Spells              Type           Power        Failure   Level  Hunger
a - Infusion              Chrm           ###.         3%          1    #......


Dungeon Overview and Level Annotations

Branches:
Dungeon (1/15)

Altars:


Innate Abilities, Weirdness & Mutations

You are very small and have problems with some larger weapons.
You are too small for most types of armour.
You have supernaturally acute eyesight. (SInv)
You are a herbivore.
You cover ground extremely quickly.
You need consume almost no food.


Message History

You hit the hobgoblin.
The hobgoblin is almost dead.
The hobgoblin closely misses you.
You barely miss the hobgoblin.
The hobgoblin is almost dead.
The hobgoblin completely misses you.
You closely miss the hobgoblin.
The hobgoblin is almost dead.
The hobgoblin barely misses you.
You barely miss the hobgoblin.
The hobgoblin is almost dead.
You are no longer magically infusing your attacks.
You hit the hobgoblin but do no damage.
The hobgoblin is almost dead.
The hobgoblin hits you with a club.
* * * LOW HITPOINT WARNING * * *
You hit the hobgoblin but do no damage.
The hobgoblin is almost dead.
The hobgoblin hits you with a club.
You die...

#.....# #.# #.###.# #.#
##.###.#######.#
#...............
#..######...#### #..#
######.#.#. #..#
#......#..#
########..####.##..#<.#
#....g@.....)†..#..#..#
##.#####...........#.#.
#.# #>...>......####
#.# ####............
#)# #.########.## #.#
#.# .# #.########.#
#........#.# #..g.....


You could see a hobgoblin.

Vanquished Creatures
  A leopard gecko (D:1)
  2 goblins (D:1)
  2 jackals (D:1)
  A ball python (D:1)
  A bat (D:1)
7 creatures vanquished.

Notes
Turn   | Place    | Note
-------+----------+-------------------------------------------
     0 | D:1      | KristoblXynda the Spriggan Skald began the quest for the Orb.
     0 | D:1      | Reached XP level 1. HP: 10/10 MP: 5/5
   106 | D:1      | Reached XP level 2. HP: 7/14 MP: 0/6
   122 | D:1      | Slain by a hobgoblin

Vault maps used:
D:1:      saegor_arrival_simple_c

Action                   || total
-------------------------++-------
Melee: Dagger            ||    27
       Short sword       ||     2
 Cast: Infusion          ||     2
Armor: Robe              ||     3
Dodge: Dodged            ||    24

Table legend:
 A = Spawn XP
 B = Non-spawn XP
 C = Spawn XP percentage of total XP
 D = Spawn monster count
 E = Non-spawn monster count
 F = Spawn count percentage of total count
 G = Total turns spent on level
                    A         B        C        D         E        F      G
               +---------+---------+-------+---------+---------+-------+---------
         Total |       0 |      13 |   0.0 |       0 |       7 |   0.0 |   122
               +---------+---------+-------+---------+---------+-------+---------
           D:1 |       0 |      13 |   0.0 |       0 |       7 |   0.0 |   122
               +---------+---------+-------+---------+---------+-------+---------
